 Dungeon Crawl Stone Soup version 0.30-a0-879-ga8ba668304 (webtiles) character file.

Game seed: 17335954070100415938

58515 trep the Slayer (level 14, -21/152 HPs)
             Began as a Minotaur Fighter on Mar 13, 2023.
             Was a High Priest of Nemelex Xobeh.
             Demolished by a bunyip (24 damage)
             ... on level 4 of the Swamp.
             The game lasted 01:44:08 (20171 turns).

trep the Slayer (Minotaur Fighter)                 Turns: 20171, Time: 01:44:09

Health: -21/152    AC: 39    Str: 28    XL:     14   Next: 49%
Magic:  17/17      EV: 11    Int:  3    God:    Nemelex Xobeh [*****.]
Gold:   345        SH: 13    Dex: 20    Spells: 13/13 levels left

rFire   . . .      SeeInvis +    l - +6 scimitar "Ceit" {heavy, rPois Str+2 Dex+3}
rCold   + + +      Faith    .    t - +0 kite shield
rNeg    . . .      Spirit   .    h - +10 plate armour of Zoaps {Drain rC+++ Int-2 Dex+4}
rPois   +          Reflect  .    k - +2 hat {SInv}
rElec   +          Rampage  .    g - +0 cloak
rCorr   .                        I - +1 pair of gloves {Stlth+}
Will    ++...                    u - +0 pair of boots of the Other Side {rElec rC+} Stlth
                                 (no amulet)
HPRegen 0.45/turn                y - ring of Ashraihoy {AC+4 Str+3}
MPRegen 0.15/turn                L - +4 ring of slaying

@: studying Unarmed Combat, very slow
A: horns 2, retaliatory headbutt, iridescent scales 1, strong-willed 1
a: Renounce Religion, Draw Escape, Draw Destruction, Draw Summoning, Triple
Draw, Deal Four, Stack Five


You were on level 4 of the Swamp.
You worshipped Nemelex Xobeh.
Nemelex Xobeh was extremely pleased with you.
You visited 3 branches of the dungeon, and saw 19 of its levels.
You also visited: Sewer, Ossuary and Bailey.

You collected 1177 gold pieces.
You spent 832 gold pieces at shops.

Inventory:

Hand Weapons
 i - a +6 long sword of flaming
 l - the +6 scimitar "Ceit" (weapon) {heavy, rPois Str+2 Dex+3}
   (You acquired it on level 8 of the Dungeon)

   Str:       It affects your strength (+2).
   Dex:       It affects your dexterity (+3).
   rPois:     It protects you from poison.
Missiles
 v - a throwing net (quivered)
Armour
 g - a +0 cloak (worn)
 h - the +10 plate armour of Zoaps (worn) {Drain rC+++ Int-2 Dex+4}
   (You acquired it on level 1 of the Swamp)

   Int:       It affects your intelligence (-2).
   Dex:       It affects your dexterity (+4).
   rC:        It renders you almost immune to cold.
   Drain:     It drains your maximum health when unequipped.
 k - a +2 hat of see invisible (worn)
 t - a +0 kite shield (worn)
 u - the +0 pair of boots of the Other Side (worn) {rElec rC+}
   (You found it on level 3 of the Swamp)

   rC:        It protects you from cold.
   rElec:     It insulates you from electricity.
 G - +3 steam dragon scales
 I - a +1 pair of gloves of stealth (worn)
 J - a +2 pair of boots of flying
Jewellery
 y - the ring of Ashraihoy (left hand) {AC+4 Str+3}
   (You found it on level 5 of the Dungeon)

   [ring of protection]

   AC:        It affects your AC (+4).
   Str:       It affects your strength (+3).
 H - a +5 ring of evasion
 L - a +4 ring of slaying (right hand)
Wands
 c - a wand of flame (1)
 e - a wand of digging (12)
 m - a wand of mindburst (10)
 D - a wand of roots (8)
 F - a wand of polymorph (1)
Scrolls
 a - 4 scrolls of teleportation
 d - a scroll of identify
 j - a scroll of summoning
 r - a scroll of poison
 s - 5 scrolls of amnesia
 x - 4 scrolls of fear
 E - a scroll of silence
 K - a scroll of blinking
Potions
 b - 7 potions of magic
 f - a potion of berserk rage
 n - 3 potions of ambrosia
 o - 3 potions of curing
 p - a potion of might
 q - 7 potions of flight
 w - 2 potions of haste
 z - a potion of lignification
 B - a potion of resistance
 C - 4 potions of brilliance
 N - a potion of invisibility


   Skills:
 - Level 21.7 Fighting
 - Level 9.4 Long Blades
 + Level 12.3 Armour
 - Level 7.0 Dodging
 - Level 12.1 Shields
 - Level 6.0 Invocations


You had 13 spell levels left.
You didn't know any spells.
Your spell library contained the following spells:

 Spells                   Type           Power      Damage    Failure   Level
 Freeze                   Ice            0%         1d3       100%        1
 Kiss of Death            Conj/Necr      0%         2d5       100%        1
 Summon Small Mammal      Summ           0%         N/A       100%        1
 Cigotuvi's Dreadful Rot  Necr/Pois/Air  0%         N/A       100%        2
 Poisonous Vapours        Pois/Air       0%         N/A       100%        2
 Scorch                   Fire           0%         2d5       100%        2
 Sublimation of Blood     Necr           0%         N/A       100%        2
 Wereblood                Tmut           0%         N/A       100%        2
 Call Canine Familiar     Summ           0%         N/A       100%        3
 Confusing Touch          Hex            0%         N/A       100%        3
 Frozen Ramparts          Ice            0%         1d1       100%        3
 Hailstorm                Conj/Ice       0%         3d3       100%        3
 Inner Flame              Hex/Fire       0%         N/A       100%        3
 Mephitic Cloud           Conj/Pois/Air  0%         N/A       100%        3
 Stone Arrow              Conj/Erth      0%         3d7       100%        3
 Summon Guardian Golem    Hex/Summ       0%         N/A       100%        3
 Vhi's Electric Charge    Tloc/Air       0%         N/A       100%        3
 Animate Armour           Summ/Erth      0%         N/A       100%        4
 Dispel Undead            Necr           0%         3d6       100%        4
 Flame Wave               Conj/Fire      0%         2d4       100%        4
 Ice Form                 Ice/Tmut       0%         N/A       100%        4
 Petrify                  Tmut/Erth      0%         N/A       100%        4
 Sticky Flame             Conj/Fire      0%         2d3       100%        4
 Summon Ice Beast         Ice/Summ       0%         N/A       100%        4
 Arcjolt                  Conj/Air       0%         1d10      100%        5
 Irradiate                Conj/Tmut      0%         3d11      100%        5
 Summon Cactus Giant      Summ           0%         N/A       100%        6
 Orb of Destruction       Conj           0%         9d5       100%        7
 Spellforged Servitor     Conj/Summ      0%         N/A       100%        7
 Summon Hydra             Summ           0%         N/A       100%        7
 Lehudib's Crystal Spear  Conj/Erth      0%         10d2      100%        8
 Maxwell's Capacitive Co  Air            0%         ∞         100%        8


Dungeon Overview and Level Annotations

Branches:
Dungeon (13/15)            Temple (0/1) D:4            Lair (2/5) D:11
  Swamp (4/4) Lair:2          Orc (0/2) D:9           Sewer (visited)
Ossuary (visited)          Bailey (visited)
  Snake: Lair:2-3    Spider: Lair:2-3    Vaults: D:13-14

Altars:
Cheibriados
Elyvilon
Gozag
Nemelex Xobeh
Qazlal
Ru
Sif Muna
Trog
Uskayaw
Vehumet
Wu Jian
Yredelemnul
Zin

Shops:
D:1 :   D:12 ?


Innate Abilities, Weirdness & Mutations

You have a pair of horns on your head.
You reflexively headbutt those who attack you in melee.
You are partially covered in iridescent scales. (AC +2)
You are strong-willed. (Will+)


Message History

A bunyip and a tyrant leech come into view.
Found 2 stones.
Found a stone staircase leading up.
You hear a hideous shriek!
The tyrant leech barely misses you.
The bunyip moves out of view.
You hear a hideous shriek!
You hear an angry buzzing noise. x2
You hear a hideous shriek! x2
You slice the tyrant leech!! Your headbutt misses the tyrant leech.
The tyrant leech is heavily wounded.
You hear a hideous shriek!
You hear an angry buzzing noise.
A bunyip comes into view.
The tyrant leech bites you but does no damage.
The bunyip moves out of view.
You hear a hideous shriek!
The tyrant leech attacks as you move away!
The tyrant leech bites you!
* * * LOW HITPOINT WARNING * * *
The tyrant leech draws strength from your injuries!
You hear a hideous shriek!
You hear an angry buzzing noise.
The bunyip howls a warning cry!
The tyrant leech bites you!
* * * LOW HITPOINT WARNING * * *
The tyrant leech draws strength from your injuries!
You hear a hideous shriek!
You hear an angry buzzing noise.
You hear a deafening roar!
You hear a roar!
Your unstable footing causes you to fumble your attack.
You feel less invigorated.
You feel less confused.
You hear an angry buzzing noise.
The bunyip claws you but does no damage.
The bunyip claws you!
* * * LOW HITPOINT WARNING * * *
The bunyip claws you!
* * * LOW HITPOINT WARNING * * *
A bunyip comes into view.
The tyrant leech bites you but does no damage.
Your unstable footing causes you to fumble your attack.
The tyrant leech closely misses you. You furiously retaliate!
You headbutt the tyrant leech. The bunyip claws you!!
You die...
Your body glows with a rainbow of weird colours and disappears.

~~.♣♣♣♣ ♣♣♣♣~~~§~.♣♣
.~~♣♣~♣♣♣♣~..~.~~~♣♣
~..(~~.♣♣(~§~~<~~~♣
♣~~~~~~♣~~§~~.~
♣♣.~~~.♣.§~~§~~
♣.....♣.~~~~~~♣♣♣
♣♣♣♣♣♣♣.~~~~~x.x♣
♣wx♣♣♣ ♣§@§.♣
♣...~..~~~
♣♣...§~... ♣♣..~~♣♣♣
..~~♣ ...~.♣ ~.~.♣♣
~~♣♣♣


You could see 3 bunyips and a tyrant leech.

Vanquished Creatures
  3 eleionomae
  2 bunyips
  A spriggan air mage (Swamp:1)
  6 hydras
  A ghost crab (Swamp:4)
  An alligator (Swamp:1)
  3 catoblepae
  A boulder beetle (D:10)
  3 centaur warriors
  2 two-headed ogres
  2 spriggan berserkers
  A spriggan druid (Swamp:3)
  A goliath frog (Swamp:3)
  2 swamp dragons
  5 bog bodies
  2 deep elf pyromancers (D:10)
  2 ugly things (D:13)
  3 will-o-the-wisps
  An elephant (shapeshifter) (D:10)
  2 cyclopes
  A gargoyle (D:12)
  A black mamba (Lair:1)
  6 cane toads
  An unseen horror (D:12)
  7 komodo dragons
  An efreet (D:13)
  3 meliai (D:11)
  3 trolls
  A merfolk (D:10)
  A wolf spider simulacrum (D:13)
  A tyrant leech (Swamp:3)
  2 raiju (D:10)
  12 blink frogs (Lair:1)
  Prince Ribbit (D:7)
  A centaur simulacrum (D:13)
  4 dream sheep (Lair:2)
  9 slime creatures (D:12)
  3 shadows (D:10)
  Sigmund (D:2)
  2 spriggans (Swamp:3)
  2 wraiths
  2 culicivoras (Lair:2)
  A basilisk (Lair:2)
  A wyvern (Lair:2)
  A human (D:10)
  23 yaks
  4 steam dragons
  4 wargs (D:9)
  8 swamp worms
  2 acid dragons
  13 water moccasins
  13 orc warriors
  8 ice beasts
  A meliai simulacrum (D:13)
  11 wolves
  An ogre (D:4)
  3 centaurs
  2 kobold brigands
  4 phantoms
  8 bullfrogs
  4 gnoll sergeants
  10 scorpions
  6 wights
  4 killer bees (D:9)
  7 howler monkeys
  2 centaur zombies (Ossuary)
  A jelly (D:8)
  11 orc priests
  A hound (D:4)
  2 human zombies (Ossuary)
  A sleepcap (D:6)
  Jessica (D:2)
  A gnoll bouda (D:7)
  6 iguanas
  5 scorpion zombies (Ossuary)
  14 orc wizards
  A boggart simulacrum (D:13)
  3 mummies (Ossuary)
  20 gnolls
  2 river rats (Sewer)
  14 adders
  2 shadow imps
  3 white imps
  2 ufetubi (D:6)
  2 worms (D:2)
  3 dart slugs
  43 orcs
  5 ball pythons
  8 bats
  7 endoplasms
  7 giant cockroaches
  A gnoll zombie (Ossuary)
  21 goblins
  8 hobgoblins
  5 jackals
  33 kobolds
  13 quokkas
  4 frilled lizards
  4 goblin zombies (Ossuary)
  2 hobgoblin zombies (Ossuary)
  A kobold zombie (Ossuary)
  4 orc zombies (Ossuary)
  8 rats
  A spectral goblin (D:2)
  A bush (D:3)
521 creatures vanquished.

Vanquished Creatures (collateral kills)
  2 hydras (D:13)
  A ghost crab (Swamp:1)
  A centaur warrior (D:10)
  A boulder beetle (D:13)
  Urug (Lair:1)
  A cyclops (D:10)
  A cane toad (Lair:1)
  An efreet (D:13)
  A komodo dragon (Lair:1)
  A blink frog (Lair:1)
  A wraith (D:13)
  2 yaks (Lair:1)
  A steam dragon (D:6)
  A swamp worm (Swamp:4)
  A black bear (D:5)
  2 ice beasts (D:13)
  7 wolves
  2 bullfrogs
  A scorpion (Ossuary)
  4 wights (D:7)
  2 hounds
  An iguana (D:7)
  A sleepcap (D:6)
  5 orc wizards
  An adder (D:6)
  3 gnolls (D:6)
  A white imp (D:13)
  8 orcs
  A kobold zombie (Ossuary)
56 creatures vanquished.

Vanquished Creatures (others)
  A bush (Lair:2)
  24 foxfires
  15 fungi
  40 plants
80 creatures vanquished.

Grand Total: 657 creatures vanquished

Notes
Turn   | Place    | Note
-------+----------+-------------------------------------------
     0 | D:1      | trep the Minotaur Fighter began the quest for the Orb.
     0 | D:1      | Reached XP level 1. HP: 19/19 MP: 0/0
    15 | D:1      | Found Fusi's Book Emporium.
    84 | D:1      | Reached XP level 2. HP: 27/27 MP: 1/1
   250 | D:1      | Reached skill level 1 in Dodging
   428 | D:1      | Reached XP level 3. HP: 33/33 MP: 2/2
   446 | D:1      | Reached skill level 4 in Fighting
   722 | D:2      | Found a faded altar of an unknown god.
  1010 | D:2      | Noticed Jessica
  1016 | D:2      | Killed Jessica
  1057 | D:2      | Reached XP level 4. HP: 40/40 MP: 3/3
  1160 | D:2      | Noticed Sigmund
  1183 | D:2      | Killed Sigmund
  1184 | D:2      | Reached XP level 5. HP: 21/47 MP: 1/4
  1832 | D:3      | Found a sparkling altar of Nemelex Xobeh.
  1851 | D:3      | Became a worshipper of Nemelex Xobeh the Trickster
  1975 | D:3      | Found a stormy altar of Qazlal.
  2025 | D:3      | Reached XP level 6. HP: 55/55 MP: 5/5
  2396 | D:3      | Found a snail-covered altar of Cheibriados.
  2398 | D:3      | Found an opulent altar of Gozag.
  2404 | D:3      | Found a white marble altar of Elyvilon.
  2404 | D:3      | Found a basalt altar of Yredelemnul.
  2612 | D:4      | Found a glowing drain.
  2633 | D:4      | Reached skill level 5 in Armour
  2637 | Sewer    | Entered a sewer
  2757 | Sewer    | Reached skill level 5 in Fighting
  2974 | Sewer    | Reached skill level 1 in Invocations
  3466 | D:4      | Reached * piety under Nemelex Xobeh
  3494 | D:4      | Found a staircase to the Ecumenical Temple.
  3767 | D:4      | Found a radiant altar of Vehumet.
  3795 | D:4      | Reached XP level 7. HP: 61/61 MP: 7/7
  3899 | D:4      | Received a gift from Nemelex Xobeh
  4326 | D:5      | Entered Level 5 of the Dungeon
  4537 | D:5      | Reached ** piety under Nemelex Xobeh
  4611 | D:5      | Gained mutation: You are strong-willed. (Will+) [potion of
                  | mutation]
  4611 | D:5      | Gained mutation: You are partially covered in iridescent
                  | scales. (AC +2) [potion of mutation]
  4690 | D:5      | Received a gift from Nemelex Xobeh
  4782 | D:5      | Reached skill level 5 in Long Blades
  4799 | D:5      | Identified the ring of Ashraihoy {AC+4 Str+3}
  4875 | D:5      | Reached skill level 6 in Fighting
  5246 | D:6      | Reached XP level 8. HP: 62/70 MP: 9/9
  5389 | D:6      | Found a shimmering blue altar of Sif Muna.
  5467 | D:6      | Reached *** piety under Nemelex Xobeh
  5499 | D:6      | Received a gift from Nemelex Xobeh
  5849 | D:6      | Reached skill level 7 in Fighting
  5983 | D:6      | Reached skill level 5 in Invocations
  6050 | D:6      | Reached XP level 9. HP: 79/79 MP: 10/12
  6378 | D:7      | Found a glowing silver altar of Zin.
  6382 | D:7      | Received a gift from Nemelex Xobeh
  6449 | D:7      | Reached **** piety under Nemelex Xobeh
  6625 | D:7      | Reached skill level 8 in Fighting
  6662 | D:7      | Received a gift from Nemelex Xobeh
  6730 | D:7      | Noticed Prince Ribbit
  6734 | D:7      | Killed Prince Ribbit
  6756 | D:7      | Found a hide-covered altar of Uskayaw.
  6774 | D:7      | Reached skill level 5 in Dodging
  6902 | D:7      | Reached skill level 9 in Fighting
  7835 | D:8      | Found a bloodstained altar of Trog.
  7864 | D:8      | Reached XP level 10. HP: 73/93 MP: 13/13
  7866 | D:8      | Reached skill level 10 in Fighting
  7930 | D:8      | Noticed a two-headed ogre
  7943 | D:8      | Killed a two-headed ogre
  8043 | D:8      | Received a gift from Nemelex Xobeh
  8196 | D:8      | Found a sand-covered staircase.
  8210 | Ossuary  | Entered an ossuary
  8731 | Ossuary  | Reached skill level 11 in Fighting
  9050 | D:8      | Identified a scroll of acquirement
  9050 | D:8      | Acquired the +6 scimitar "Ceit" {heavy, rPois Str+2 Dex+3}
  9560 | D:9      | Reached skill level 5 in Shields
  9756 | D:9      | Found an ornate altar of the Wu Jian Council.
  9881 | D:9      | Found a sacrificial altar of Ru.
  9910 | D:9      | Received a gift from Nemelex Xobeh
 10093 | D:9      | Found a staircase to the Orcish Mines.
 10117 | D:9      | Reached XP level 11. HP: 84/104 MP: 14/14
 10375 | D:10     | Entered Level 10 of the Dungeon
 10679 | D:10     | Found a flagged portal.
 10689 | Bailey   | Entered a bailey
 10904 | Bailey   | Received a gift from Nemelex Xobeh
 11025 | D:10     | Reached skill level 10 in Shields
 11111 | D:10     | Noticed a centaur warrior
 11112 | D:10     | Noticed a centaur warrior
 11112 | D:10     | Noticed a catoblepas
 11113 | D:10     | Noticed a boulder beetle
 11123 | D:10     | Noticed a centaur warrior
 11124 | D:10     | Noticed a deep elf pyromancer
 11133 | D:10     | Noticed a red ugly thing
 11136 | D:10     | Killed a centaur warrior
 11136 | D:10     | Noticed a brown ugly thing
 11159 | D:10     | Noticed a two-headed ogre
 11723 | D:10     | Killed a catoblepas
 11792 | D:10     | Noticed a deep elf pyromancer
 11796 | D:10     | Killed a deep elf pyromancer
 11797 | D:10     | Reached skill level 12 in Fighting
 11804 | D:10     | Killed a centaur warrior
 11951 | D:10     | a two-headed ogre changed into a merfolk
 12012 | D:10     | Killed a boulder beetle
 12122 | D:10     | Reached skill level 13 in Fighting
 12453 | D:10     | Killed a centaur warrior
 12454 | D:10     | Reached XP level 12. HP: 82/116 MP: 15/15
 12584 | D:10     | Reached skill level 14 in Fighting
 12609 | D:10     | Reached ***** piety under Nemelex Xobeh
 12609 | D:10     | Received a gift from Nemelex Xobeh
 13273 | D:11     | Reached skill level 15 in Fighting
 13312 | D:11     | Received a gift from Nemelex Xobeh
 13335 | D:11     | Found a staircase to the Lair.
 13656 | D:12     | Noticed a two-headed ogre
 13663 | D:12     | Killed a two-headed ogre
 13805 | D:12     | Reached skill level 16 in Fighting
 13960 | D:12     | Received a gift from Nemelex Xobeh
 14301 | D:12     | Found Lecegysu's Magic Scroll Shop.
 14347 | D:12     | Received a gift from Nemelex Xobeh
 14635 | D:13     | Noticed a catoblepas
 14651 | D:13     | Killed a catoblepas
 14665 | D:13     | Reached skill level 17 in Fighting
 14955 | D:13     | Noticed a centaur warrior
 14968 | D:13     | Killed a centaur warrior
 15022 | D:13     | Noticed a boulder beetle
 15045 | D:13     | Noticed a five-headed hydra
 15047 | D:13     | Noticed an eight-headed hydra
 15058 | D:13     | HP: 4/127 [cyan ugly thing (14)]
 15411 | D:13     | Killed a five-headed hydra
 15452 | D:13     | Reached skill level 18 in Fighting
 15461 | D:13     | Killed a nine-headed hydra
 15464 | D:13     | Reached XP level 13. HP: 113/134 MP: 16/16
 15830 | D:13     | Received a gift from Nemelex Xobeh
 15883 | D:13     | Reached skill level 19 in Fighting
 15994 | D:12     | Bought a scroll of acquirement for 832 gold pieces
 15997 | D:12     | Acquired a +1 hat of see invisible
 16094 | Lair:1   | Entered Level 1 of the Lair of Beasts
 16607 | Lair:1   | Noticed Urug
 16706 | Lair:1   | Received a gift from Nemelex Xobeh
 16722 | Lair:1   | Reached skill level 20 in Fighting
 16821 | Lair:1   | Killed Urug
 17755 | Lair:2   | Reached skill level 21 in Fighting
 17895 | Lair:2   | Found a staircase to the Swamp.
 18374 | Swamp:1  | Entered Level 1 of the Swamp
 18374 | Swamp:1  | Received a gift from Nemelex Xobeh
 18396 | Swamp:1  | Reached XP level 14. HP: 62/152 MP: 17/17
 18678 | Swamp:1  | Acquired the +10 plate armour of Zoaps {Drain rC+++ Int-2
                  | Dex+4}
 18811 | Swamp:1  | Found a white marble altar of Elyvilon.
 18918 | Swamp:2  | You are sucked into a shaft and drop 1 floor!
 19123 | Swamp:3  | Received a gift from Nemelex Xobeh
 19189 | Swamp:3  | Reached skill level 10 in Armour
 19205 | Swamp:3  | Identified the +0 pair of boots of the Other Side {rElec
                  | rC+}
 19282 | Swamp:3  | Found the +2 pair of slick slippers {slick, slippery, EV+5}
 19809 | Swamp:4  | Entered Level 4 of the Swamp
 19943 | Swamp:4  | Received a gift from Nemelex Xobeh
 20157 | Swamp:4  | Noticed a thorn hunter
 20170 | Swamp:4  | HP: 2/152 [bunyip (11)]
 20171 | Swamp:4  | Demolished by a bunyip

Illustrated notes

Levels and vault maps discovered:
D:1:      dpeg_arrival_tiny_a, layout_loops_ring, serial_shops, shop
D:2:      layout_loops_corners, dreamdust_ecumenical_altar_drowned_temple,
          uniq_sigmund, uniq_jessica
D:3:      layout_rooms, minitemple, mainiacjoe_overflow_catch_the_wave,
          serial_glass, glass_columns_a, glass_columns_c, glass_columns_b,
          glass_columns_a, kennysheep_donut, kennysheep_generic_room_10
D:4:      minmay_bubble_buster, layout_loops_ring, kennysheep_mini,
          minmay_temple_entry_from_below_b, gup_sewer_entry_pipe, fountainhead
D:5:      layout_cave_pods
D:6:      minmay_general_purpose_star, layout_gridville,
          nicolae_sif_muna_condensation
D:7:      layout_layer_cave, mainiacjoe_overflow_surrounded_room, zin_academy,
          st_stairs_12, kennysheep_generic_room_13, uniq_prince_ribbit1
D:8:      layout_loops_ring, mainiacjoe_overflow_tiny_flanked, enter_ossuary_1,
          chequers_serial_rivers_micro_e
D:9:      layout_small_grid, nicolae_ru_sacrificial_ziggurat,
          nicolae_overflow_crystal_walls, minmay_orc_entry_guard_dogs,
          minmay_orc_keep
D:10:     layout_stronghold, enter_bailey_3, minivault_28
D:11:     cheibrodos_steamvent, layout_irregular_city, david_lair_shrubbed
D:12:     layout_irregular_city, serial_shops, nicolae_shop_behind_doors
D:13:     layout_rooms, serial_ice, serial_ice_b, serial_ice_l, serial_ice_a,
          serial_ice_g, serial_ice_n, serial_ice_o, serial_ice_c, serial_ice_e,
          serial_ice_f, serial_ice_m, portal_ice_cave_rime
Lair:1:   layout_regular_city, pond, infiniplex_staircase_pool_2, uniq_urug
Lair:2:   nzn_winding_woodlands_small [nzn_winding_woodlands_5x15_parted,
          nzn_winding_woodlands_center_pierced_h,
          nzn_winding_woodlands_5x15_river_crossing], layout_chaotic_city,
          skrybe_swamp_entry_bodies, hellmonk_spider_entry_life_and_decay,
          lemuel_fruit_tree
Swamp:1:  layout_falls_marsh, lemuel_altar_in_water2, swamp_pool5
Swamp:2:  layout_falls_marsh, evilmike_swamp_ruin_house_3, swamp_pool2
Swamp:3:  layout_basic_swamp, evilmike_swamp_ruin_house_4,
          infiniplex_staircase_pool
Swamp:4:  swamp_vile, layout_basic_swamp, swamp_pool1,
          nicolae_swamp_bunyip_nook, uniq_mlioglotl, uniq_donald, uniq_mara

Skill      XL: |  1  2  3  4  5  6  7  8  9 10 11 12 13 14 |
---------------+-------------------------------------------+-----
Dodging        | 1 2 3 4 5 7 |  7.0
Armour         | 4 5 6 7 12 | 12.3
Shields        | 4 8 12 | 12.1
Fighting       | 4 5 6 7 9 11 13 18 21 | 21.7
Long Blades    | 3 4 5 6 8 9 |  9.4
Invocations    | 1 3 5 6 |  6.0

Action                     |  1- 3 |  4- 6 |  7- 9 | 10-12 | 13-15 || total
---------------------------+-------+-------+-------+-------+-------++-------
  Melee: Long sword        |    68 |   118 |    40 |   121 |       ||   347
         Headbutt          |     3 |    46 |    46 |    99 |    77 ||   271
         Scimitar          |       |   154 |   188 |   346 |   312 ||  1000
 Invoke: Draw Summoning    |       |       |     7 |     8 |     7 ||    22
         Draw Destruction  |       |       |     6 |    19 |    12 ||    37
         Triple Draw       |       |       |       |     5 |     2 ||     7
         Draw Escape       |       |       |       |       |     3 ||     3
  Evoke: Wand              |       |     3 |     2 |    10 |     7 ||    22
    Use: Scroll            |       |    11 |     8 |    24 |    14 ||    57
         Potion            |       |       |     3 |    11 |     8 ||    22
   Stab: Distracted        |       |       |       |       |     2 ||     2
 Armour: Scale mail        |    13 |       |       |       |       ||    13
         Chain mail        |    14 |   138 |    89 |       |       ||   241
         Steam dragon scal |       |       |    32 |   237 |   178 ||   447
         Skin              |       |       |       |       |     3 ||     3
         Plate armour      |       |       |       |       |   176 ||   176
  Dodge: Dodged            |    31 |   104 |   105 |   460 |   310 ||  1010
  Block: Buckler           |     9 |    42 |    44 |    20 |       ||   115
         Kite shield       |       |       |       |   385 |   346 ||   731

Table legend: (Time is in decaauts)
 A = Elapsed time spent in this place.
 B = Non-inter-level travel time spent in this place.
 C = Inter-level travel time spent in this place.
 D = Time resting spent in this place.
 E = Time spent auto-exploring this place.
 F = Levels seen in this place.
 G = Mean time per level.
                   A        B        C        D        E       F      G
               +--------+--------+--------+--------+--------+-----+--------+
         Total |  20842 |  20095 |    747 |   3674 |   9174 |  22 |  947.4 |
       Dungeon |  14522 |  13870 |    652 |   1814 |   7122 |  13 | 1117.1 |
          Lair |   2333 |   2295 |     38 |    826 |    763 |   2 | 1166.5 |
         Swamp |   1931 |   1874 |     57 |    611 |    486 |   4 |  482.8 |
         Sewer |    894 |    894 |      0 |      0 |    603 |   1 |  894.0 |
       Ossuary |    807 |    807 |      0 |    423 |     70 |   1 |  807.0 |
        Bailey |    352 |    352 |      0 |      0 |    129 |   1 |  352.0 |
               +--------+--------+--------+--------+--------+-----+--------+

Top non-repeatable levels by time:
    D:10: 1815 daAuts
     D:7: 1444 daAuts
    D:12: 1428 daAuts
  Lair:1: 1318 daAuts
    D:11: 1171 daAuts
     D:2: 1159 daAuts
     D:6: 1118 daAuts
     D:4: 1117 daAuts
    D:13: 1089 daAuts
     D:8: 1023 daAuts
  Lair:2: 1014 daAuts
 Swamp:3: 966 daAuts
   Sewer: 894 daAuts
     D:5: 861 daAuts
     D:9: 852 daAuts
